 Dungeon Crawl Stone Soup version 0.29.1-15-g9cfb28693d (webtiles) character file.

Game seed: 13287205880573440868

4653 KamiKatze the Cleaver (level 10, -3/132 HPs)
             Began as a Minotaur Berserker on Mar 19, 2023.
             Was an Elder of Trog.
             Slain by a two-headed ogre
             ... wielding a +0 giant spiked club
              (16 damage)
             ... on level 9 of the Dungeon.
             The game lasted 00:31:41 (8008 turns).

KamiKatze the Cleaver (Minotaur Berserker)          Turns: 8008, Time: 00:31:41

Health: -3/132     AC:  9    Str: 26    XL:     10   Next: 20%
Magic:  9/9        EV: 12    Int: 10    God:    Trog [****..]
Gold:   349        SH:  0    Dex: 10    Spells: 9/9 levels left

rFire   . . .      SeeInvis .   a - +0 broad axe
rCold   . . .      Faith    .   (no shield)
rNeg    + . .      Spirit   .   D - +0 scale mail
rPois   .          Reflect  .   (helmet restricted)
rElec   .          Harm     .   (no cloak)
rCorr   .          Rampage  .   (no gloves)
Will    .....                   C - +1 pair of boots
Stlth   ..........              (no amulet)
HPRegen 0.32/turn               y - ring of positive energy
MPRegen 0.11/turn               F - +6 ring of intelligence

@: berserking, very quick
A: horns 2, retaliatory headbutt
a: Renounce Religion, Berserk, Trog's Hand, Brothers in Arms


You were on level 9 of the Dungeon.
You worshipped Trog.
Trog was greatly pleased with you.
You visited 2 branches of the dungeon, and saw 10 of its levels.

You collected 645 gold pieces.
You spent 296 gold pieces at shops.

Inventory:

Hand Weapons
 a - a +0 broad axe (weapon)
 d - a +2 flail of protection
 w - a +2 vorpal trident
 x - a +0 battleaxe of electrocution
 z - a +5 flail of draining
Missiles
 b - 34 poisoned darts (quivered)
Armour
 h - a +0 chain mail
 C - a +1 pair of boots (worn)
 D - a +0 scale mail (worn)
Jewellery
 k - a ring of ice
 y - a ring of positive energy (left hand)
 F - a +6 ring of intelligence (right hand)
Wands
 n - a wand of roots (15)
 E - a wand of light (9)
Scrolls
 c - 3 scrolls of teleportation
 f - a scroll of enchant weapon {unknown}
 j - 2 scrolls of poison
 m - 2 scrolls of fog
 o - a scroll of blinking {unknown}
 q - 2 scrolls of immolation
 r - a scroll of enchant armour
 u - a scroll of fear
Potions
 e - 7 potions of curing
 g - a potion of attraction {unknown}
 i - a potion of cancellation {unknown}
 l - 4 potions of haste
 p - 3 potions of brilliance
 s - a potion of magic
 t - a potion of might {unknown}
 v - a potion of lignification {unknown}
 A - a potion of invisibility {unknown}
 B - a potion of flight
 G - 2 potions of mutation {unknown}


   Skills:
 + Level 7.8 Fighting
 * Level 12.1 Axes
 - Level 4.0 Throwing
 + Level 5.8 Armour
 + Level 5.4 Dodging
 + Level 4.6 Shields
 - Level 4.0 Evocations


You had 9 spell levels left.
You didn't know any spells.
Your spell library was empty.

Dungeon Overview and Level Annotations

Branches:
Dungeon (9/15)             Temple (1/1) D:4            Lair (0/5) D:9
    Orc: D:9-12

Altars:
Ashenzari
Dithmenos
Elyvilon
Fedhas
Gozag
Hepliaklqana
Kikubaaqudgha
Makhleb
Nemelex Xobeh
Okawaru
Qazlal
Ru
Sif Muna
Trog
Uskayaw
Vehumet
Wu Jian
Xom
Yredelemnul
Zin
The Shining One

Shops:
D:3 [   D:9 (*


Innate Abilities, Weirdness & Mutations

You have a pair of horns on your head.
You reflexively headbutt those who attack you in melee.


Message History

Throw: 37 darts (poison)
Press: ? - help, Q - select action, (/) - cycle Shift-Dir - straight line, f - two-headed ogre
Aim: a two-headed ogre, wielding a +0 giant spiked club and a +0 dire flail (76% to hit)
You throw a poisoned dart.
The poisoned dart hits the two-headed ogre.
Throw: 36 darts (poison)
Press: ? - help, Q - select action, (/) - cycle Shift-Dir - straight line, f/p - two-headed ogre
Aim: a two-headed ogre, wielding a +0 giant spiked club and a +0 dire flail (76% to hit)
You throw a poisoned dart.
The poisoned dart hits the two-headed ogre.
The two-headed ogre is poisoned.
Throw: 35 darts (poison)
Press: ? - help, Q - select action, (/) - cycle Shift-Dir - straight line, f/p - two-headed ogre
Aim: a two-headed ogre, wielding a +0 giant spiked club and a +0 dire flail (poisoned, 76% to hit)
You throw a poisoned dart.
The poisoned dart hits the two-headed ogre.
The two-headed ogre looks even sicker.
The two-headed ogre looks more healthy.
There is a stone staircase leading down here.
There is a stone staircase leading up, spattered with blood here.
You slice the two-headed ogre!!
Your headbutt misses the two-headed ogre.
The two-headed ogre is heavily wounded.
The two-headed ogre hits you with a +0 giant spiked club!
The two-headed ogre hits you with a +0 dire flail!
You slash the two-headed ogre!
The two-headed ogre is severely wounded.
The two-headed ogre hits you with a +0 giant spiked club!
* * * LOW HITPOINT WARNING * * *
The two-headed ogre hits you with a +0 dire flail!
* * * LOW HITPOINT WARNING * * *
Unknown command.
A red film seems to cover your vision as you go berserk!
You feel yourself moving faster!
You feel mighty!
You slash the two-headed ogre!
The two-headed ogre is severely wounded.
The two-headed ogre hits you with a +0 giant spiked club!
* * * LOW HITPOINT WARNING * * *
The two-headed ogre hits you with a +0 dire flail!
You die...

...... ..#
......######..##
.........>.....
............
#........# #........#
#........# #........#
#......@.#
#######......O.######
#....................
#....................
#............####..##
#............# #..#
#............# #..#
#............# #..#
#............# #..#


You could see a two-headed ogre.

Vanquished Creatures
  A hornet (D:8)
  Prince Ribbit (D:5)
  5 yaks
  A wyvern (D:7)
  A steam dragon (D:8)
  Menkaure (D:6)
  Edmund (D:4)
  An orc warrior (D:7)
  An ice beast (D:7)
  A sky beast (D:6)
  2 black bears
  2 phantoms
  A centaur (D:6)
  5 bullfrogs
  A kobold brigand (D:8)
  Blork the orc (D:4)
  2 gnoll sergeants (D:7)
  3 necrophages
  3 scorpions
  5 wights (D:7)
  4 killer bees (D:8)
  2 howler monkeys
  A jelly (D:7)
  2 orc priests (D:7)
  3 gnoll boudas
  4 hounds
  Ijyb (D:5)
  4 iguanas
  An orc wizard (D:7)
  A hound skeleton (D:7)
  Robin (D:2)
  20 gnolls
  8 adders
  3 shadow imps
  A worm (D:2)
  2 dart slugs
  20 orcs
  10 endoplasms
  4 giant cockroaches
  19 goblins
  12 hobgoblins
  2 jackals (D:3)
  A quokka (D:5)
  9 ball pythons
  7 bats
  8 frilled lizards
  12 kobolds
  5 rats
206 creatures vanquished.

Vanquished Creatures (others)
  28 plants (D:7)
28 creatures vanquished.

Grand Total: 234 creatures vanquished

Notes
Turn   | Place    | Note
-------+----------+-------------------------------------------
     0 | D:1      | KamiKatze the Minotaur Berserker began the quest for the
                  | Orb.
     0 | D:1      | Reached XP level 1. HP: 19/19 MP: 0/0
   145 | D:1      | Reached XP level 2. HP: 8/27 MP: 1/1
   148 | D:1      | HP: 2/40 [goblin/+0 dagger (2)]
   461 | D:1      | Reached skill level 4 in Axes
   585 | D:1      | Reached XP level 3. HP: 24/33 MP: 2/2
   706 | D:2      | Reached ** piety under Trog
   733 | D:2      | Noticed Robin
   749 | D:2      | Killed Robin
   750 | D:2      | Reached skill level 1 in Throwing
   810 | D:2      | Reached skill level 1 in Evocations
   810 | D:2      | Reached XP level 4. HP: 30/40 MP: 3/3
  1554 | D:3      | Found Veehalal's Armour Boutique.
  1754 | D:3      | Reached *** piety under Trog
  1771 | D:3      | Reached XP level 5. HP: 32/46 MP: 4/4
  1797 | D:3      | Reached skill level 5 in Axes
  2008 | D:3      | Identified the +0 leather armour of the Frog {Rampage
                  | Dex+3}
  2429 | D:4      | Found a staircase to the Ecumenical Temple.
  2439 | Temple   | Entered the Ecumenical Temple
  2742 | D:4      | Noticed Blork the orc
  2755 | D:4      | Killed Blork the orc
  2756 | D:4      | Reached XP level 6. HP: 27/53 MP: 5/5
  2906 | D:4      | Reached skill level 6 in Axes
  2958 | D:4      | Noticed Edmund
  2985 | D:4      | HP: 3/69 [Edmund/+5 flail of draining (9)]
  2986 | D:4      | Killed Edmund
  2987 | D:4      | Reached skill level 5 in Fighting
  3284 | D:4      | Reached XP level 7. HP: 55/60 MP: 6/6
  4062 | D:5      | Entered Level 5 of the Dungeon
  4069 | D:5      | Reached skill level 7 in Axes
  4476 | D:5      | Noticed Prince Ribbit
  4503 | D:5      | Killed Prince Ribbit
  4504 | D:5      | Reached XP level 8. HP: 36/70 MP: 7/7
  4648 | D:5      | Reached skill level 8 in Axes
  4795 | D:5      | Found a sacrificial altar of Ru.
  4851 | D:5      | Noticed Ijyb
  4864 | D:5      | Killed Ijyb
  5215 | D:6      | Reached skill level 9 in Axes
  5217 | D:6      | Reached **** piety under Trog
  5467 | D:6      | Reached skill level 10 in Axes
  5571 | D:6      | Found a basalt altar of Yredelemnul.
  5600 | D:6      | Noticed Menkaure
  5613 | D:6      | Killed Menkaure
  5614 | D:6      | Reached skill level 1 in Shields
  6144 | D:7      | Identified the amulet "Notrautz" {Acrobat Harm}
  6205 | D:7      | Reached XP level 9. HP: 74/75 MP: 8/8
  6411 | D:7      | HP: 3/75 [wight/+4 great sword (1)]
  6586 | D:7      | Reached skill level 11 in Axes
  6680 | D:7      | Found a white marble altar of Elyvilon.
  6760 | D:7      | Found a sparkling altar of Nemelex Xobeh.
  6895 | D:7      | Found a burning altar of Makhleb.
  7072 | D:8      | Reached skill level 5 in Armour
  7462 | D:8      | Reached skill level 5 in Dodging
  7463 | D:8      | Reached XP level 10. HP: 30/86 MP: 9/9
  7771 | D:9      | Found a staircase to the Lair.
  7783 | D:8      | Reached skill level 12 in Axes
  7872 | D:9      | Found Pesaf's Weapon Shoppe.
  7875 | D:9      | Bought a +0 broad axe for 56 gold pieces
  7918 | D:9      | Found Sulatiuh's Assorted Antiques.
  7922 | D:9      | Bought a fuming blue potion for 27 gold pieces
  7922 | D:9      | Bought a metallic red potion for 27 gold pieces
  7922 | D:9      | Bought a scroll labelled YSACI MIRIEZ for 31 gold pieces
  7922 | D:9      | Bought an encrusted granite ring for 155 gold pieces
  7984 | D:9      | Noticed a two-headed ogre
  8008 | D:9      | Slain by a two-headed ogre

Illustrated notes

Levels and vault maps discovered:
D:1:      minmay_arrival_jagged, layout_rooms
D:2:      layout_loops_ring, uniq_robin
D:3:      minmay_thinvault, layout_rooms, serial_shops,
          nicolae_shop_temple_entry_statues_fountains
D:4:      minmay_chambers_of_twos, layout_gridville,
          minmay_temple_entry_crystal_x, uniq_blork_the_orc, uniq_edmund
D:5:      layout_loops_ring, nicolae_ru_path_of_blood, uniq_prince_ribbit1,
          uniq_ijyb
D:6:      layout_basic, yredelemnul_altar_generic, serial_park_tiny_pond,
          minmay_crossroads, uniq_menkaure
D:7:      layout_loops_ring, makhleb_blood_cavern_becter,
          nemelex_spade_bored_becter, mainiacjoe_overflow_alcove_2,
          enter_bailey_5, nicolae_grassy_gnolls
D:8:      layout_cave_pools, dk_vineyard_2
D:9:      minmay_the_grid_triangle_9x9_rhombus_thin_mashed
          [minmay_the_grid_triangle_9x9_pentomino_pain,
          minmay_the_grid_triangle_9x9_prize_top_heavy,
          minmay_the_grid_triangle_9x9_wacky_v,
          minmay_the_grid_triangle_9x9_semitri], layout_small_grid,
          lair_entry_dummy, hiddenorc2_lemuel, serial_shops, shop,
          nicolae_stop_n_shop_2, nicolae_shop_hallway_stairs,
          nicolae_square_shop, minmay_misc_feat_doors
Temple:   nicolae_temple_elliptical

Skill      XL: |  1  2  3  4  5  6  7  8  9 10 |
---------------+-------------------------------+-----
Axes           | 4 5 6 7 10 11 12 | 12.1
Fighting       | 4 5 6 7 |  7.8
Throwing       | 1 2 3 4 |  4.0
Armour         | 3 5 |  5.8
Evocations     | 1 2 3 4 |  4.0
Dodging        | 3 5 |  5.4
Shields        | 1 4 |  4.6

Action                   |  1- 3 |  4- 6 |  7- 9 | 10-12 || total
-------------------------+-------+-------+-------+-------++-------
Melee: Hand axe          |    86 |   166 |   361 |    20 ||   633
       Headbutt          |    13 |    19 |    72 |     4 ||   108
       Punch             |       |     1 |     5 |       ||     6
       Broad axe         |       |       |       |     3 ||     3
Throw: Dart              |       |       |     7 |     3 ||    10
Invok: Berserk           |     1 |     2 |     7 |     1 ||    11
       Trog's Hand       |       |       |     4 |       ||     4
  Use: Scroll            |       |       |    17 |       ||    17
       Potion            |       |       |     2 |     1 ||     3
Armor: Animal skin       |     2 |       |       |       ||     2
       Ring mail         |    20 |    43 |     9 |       ||    72
       Scale mail        |       |       |    89 |     3 ||    92
Dodge: Dodged            |    36 |    82 |   156 |    10 ||   284
